Description

herO v ShoWTimE: Game 2 - [ESL] Cosmic Sapphire Copy

Replay - herO v ShoWTimE: Game 2 - [ESL] Cosmic Sapphire

Build Order

Get SALT Encoding   

  12  0:00  Probe  
  13  0:12  Probe  
  14  0:17  Pylon  
  14  0:24  Probe (Chrono Boost)  
  16  0:36  Probe (Chrono Boost)  
  16  0:37  Gateway  
  16  0:43  Probe (Chrono Boost)  
  16  0:47  Assimilator  
  17  0:50  Probe  
  17  0:55  Assimilator  
  18  1:03  Probe (Chrono Boost)  
  19  1:08  Gateway  
  19  1:13  Probe x2 (Chrono Boost)  
  20  1:25  Cybernetics Core  
  21  1:29  Probe  
  22  1:36  Pylon  
  23  2:01  Stalker, Adept  
  26  2:02  Warp Gate  
  28  2:10  Pylon  
  28  2:22  Stargate  
  28  2:32  Adept x2  
  31  3:01  Nexus  
  31  3:04  Oracle (Chrono Boost)  
  34  3:16  Shield Battery  
  34  3:25  Twilight Council  
  34  3:27  Shield Battery  
  35  3:46  Pylon  
  36  3:55  Phoenix  
  38  3:57  Blink (Chrono Boost)  
  40  4:18  Gateway  
  42  4:28  Stalker  
  44  4:35  Stalker  
  47  4:58  Stalker x2  
  51  5:20  Pylon  
  51  5:24  Stalker  
  53  5:31  Gateway  
  50  5:39  Stalker  
  54  5:47  Stalker x2  
  60  6:15  Stalker  
  64  6:27  Assimilator  
  74  7:06  Nexus  
  81  7:34  Gateway  
  83  7:45  Gateway x2  
  83  7:52  Adept x2  
  93  8:20  Dark Shrine  
  102  8:43  Charge (Chrono Boost)  
  96  9:10  Nexus  
  96  9:15  Gateway  
  111  9:34  Zealot x7  
  125  9:49  Shield Battery  
  123  9:55  Dark Templar x3  
  123  9:57  Zealot x3  
Spawning Tool Build Advisor. Get it on Overwolf

Go to:

Details

  • Created by: neoaer
  • Published on: Sep 16, 2022
  • Modified on: Sep 16, 2022
  • Patch: 4.11.0
  • Difficulty: Medium
Show
View Real Time Build Order
Export as new Build Order

Comments (0)

There are no comments. Be the first!

Create an account to comment!